 Dungeon Crawl Stone Soup version 0.26-a0-812-g31a745ddcd (webtiles) character file.

Game seed: 16505207751277753424

307 marky1606 the Insei (level 6, -5/47 HPs)
             Began as a Demonspawn Monk on Nov 14, 2020.
             Killed from afar by an orc wizard (9 damage)
             ... with a puff of flame
             ... on level 4 of the Dungeon.
             The game lasted 00:13:21 (5154 turns).

marky1606 the Insei (Demonspawn Monk)               Turns: 5154, Time: 00:13:22

Health: -5/47      AC:  4    Str: 12    XL:     6   Next: 16%
Magic:  0/6        EV: 14    Int: 12    God:
Gold:   113        SH:  0    Dex: 16    Spells: 5/5 levels left

rFire    . . .     SeeInvis .     - Unarmed
rCold    . . .     Faith    .   (no shield)
rNeg     . . .     Spirit   +   a - +0 robe
rPois    .         Reflect  .   (helmet restricted)
rElec    .         Harm     .   b - +0 cloak
rCorr    .         Rampage  .   (no gloves)
MR       .....                  (no boots)
Stlth    +.........             h - amulet of the acrobat
HPRegen  0.15/turn              (no ring)
MPRegen  0.10/turn              (no ring)

@: confused
A: antennae 2, magic shield, sharp scales 1
a: no special abilities


You were on level 4 of the Dungeon.
You visited 1 branch of the dungeon, and saw 4 of its levels.

You collected 113 gold pieces.

Inventory:

Hand Weapons
 j - a +0 flail
Armour
 a - a +0 robe (worn)
 b - a +0 cloak (worn)
 g - a +0 pair of boots
Jewellery
 h - an amulet of the acrobat (around neck)
Scrolls
 e - 2 scrolls of enchant armour {unknown}
 i - a scroll of remove curse {unknown}
Potions
 c - 2 potions of haste {unknown}
 d - a potion of magic {unknown}
 f - 2 potions of heal wounds {unknown}
 k - 2 potions of resistance {unknown}
 l - 2 potions of cancellation {unknown}
 m - a potion of might {unknown}
 n - a potion of mutation {unknown}


   Skills:
 + Level 3.6 Fighting
 + Level 4.1 Dodging
 - Level 1.7 Stealth
 + Level 5.2 Unarmed Combat


You had 5 spell levels left.
You didn't know any spells.
Your spell library was empty.

Dungeon Overview and Level Annotations

Branches:
Dungeon (4/15)             Temple (0/1) D:4

Altars:
Okawaru
Sif Muna


Innate Abilities, Weirdness & Mutations

You have a pair of antennae on your head.
When hurt, damage is shared between your health and your magic reserves.
You are partially covered in razor-sharp scales. (AC +1, Slay +1)


Message History

The orc wizard hits you with a +0 dagger.
You barely miss the orc wizard.
The orc wizard is heavily wounded.
The orc wizard hits you but does no damage.
You hit the orc wizard.
The orc wizard is severely wounded.
The orc wizard casts a spell at you. The puff of flame hits you!
* * * LOW HITPOINT WARNING * * *
The orc wizard casts a spell at you.
You are confused.
The orc wizard completely misses you.
You bump into the rock wall.
The orc wizard hits you with a +0 dagger.
* * * LOW HITPOINT WARNING * * *
You bump into the rock wall.
The orc wizard closely misses you.
You bump into the rock wall.
The orc wizard gestures at you while chanting.
The puff of flame hits you!
You die...

............##.###.#
#.#
########...P#...#P.#
#.# ...#.#
###....>....# #.#
####.# ##P#...#P##
#.# {....# #.##.####
#)#
####.######....P.#
#.#
.........o{..#.#.#
#<#
###.#######.##...####
#.# ... #..>.o@.)<#
### ###. ######.####
.. #.# ## #.# #.# #.#
#.# #.# #.#


You could see an orc wizard.

Vanquished Creatures
  A howler monkey (D:4)
  2 hounds (D:4)
  An orc priest (D:3)
  5 adders
  An ooze (D:1)
  4 worms
  3 dart slugs
  3 leopard geckos
  8 orcs
  9 bats
  5 giant cockroaches
  5 goblins
  9 hobgoblins
  15 jackals
  13 kobolds
  2 quokkas
  A frilled lizard (D:1)
  A quokka skeleton (D:4)
  7 rats
95 creatures vanquished.

Vanquished Creatures (others)
  5 plants
5 creatures vanquished.

Grand Total: 100 creatures vanquished

Notes
Turn   | Place    | Note
-------+----------+-------------------------------------------
     0 | D:1      | marky1606 the Demonspawn Monk began the quest for the Orb.
     0 | D:1      | Reached XP level 1. HP: 18/18 MP: 1/1
   190 | D:1      | Gained mutation: You have a pair of small antennae on your
                  | head. [demonic ancestry]
   190 | D:1      | Reached XP level 2. HP: 12/24 MP: 2/2
   224 | D:1      | Reached skill level 3 in Unarmed Combat
  1127 | D:1      | You fall into a shaft and drop 1 floor!
  1206 | D:1      | Gained mutation: When hurt, damage is shared between your
                  | health and your magic reserves. [demonic ancestry]
  1206 | D:1      | Reached XP level 3. HP: 7/29 MP: 3/3
  2445 | D:2      | Gained mutation: You have a pair of antennae on your head.
                  | [demonic ancestry]
  2445 | D:2      | Reached XP level 4. HP: 29/35 MP: 2/4
  2537 | D:2      | Found an iron altar of Okawaru.
  3203 | D:2      | Reached skill level 4 in Unarmed Combat
  3236 | D:3      | Gained mutation: You are partially covered in razor-sharp
                  | scales. (AC +1, Slay +1) [demonic ancestry]
  3236 | D:3      | Reached XP level 5. HP: 7/41 MP: 1/5
  3957 | D:3      | Found a shimmering blue altar of Sif Muna.
  4389 | D:3      | Found a faded altar of an unknown god.
  4447 | D:4      | Found a staircase to the Ecumenical Temple.
  4709 | D:4      | Reached skill level 5 in Unarmed Combat
  4726 | D:4      | Reached XP level 6. HP: 22/47 MP: 6/6
  5154 | D:4      | Killed from afar by an orc wizard

Illustrated notes

Levels and vault maps discovered:
D:1:      dpeg_arrival_rhombi, layout_loops_ring, minmay_box_of_dots
D:2:      layout_rooms, okawaru_metal_pillars_3, serial_curves, eino_curves_01,
          eino_curves_03, kennysheep_nondescript, st_stairs_10,
          hangedman_feature_mirror
D:3:      layout_loops_ring, old_standard_altar, chequers_ecumenical_altar_lobes
D:4:      layout_basic, minmay_temple_entry_gardened_gates, uniq_edmund

Skill      XL: |  1  2  3  4  5 |
---------------+----------------+-----
Dodging        | 3 4 |  4.1
Unarmed Combat | 3 4 5 |  5.2
Fighting       | |  3.6
Stealth        | |  1.7

Action                   |  1- 3 |  4- 6 || total
-------------------------+-------+-------++-------
Melee: Unarmed           |   188 |   264 ||   452
       Punch             |     1 |     4 ||     5
  Use: Scroll            |     2 |       ||     2
 Stab: Sleeping          |     1 |     3 ||     4
       Distracted        |     1 |       ||     1
Armor: Robe              |    41 |    59 ||   100
Dodge: Dodged            |   151 |   206 ||   357

Table legend: (Time is in decaauts)
 A = Elapsed time spent in this place.
 B = Non-inter-level travel time spent in this place.
 C = Inter-level travel time spent in this place.
 D = Time resting spent in this place.
 E = Time spent auto-exploring this place.
 F = Levels seen in this place.
 G = Mean time per level.
                   A        B        C        D        E       F      G
               +--------+--------+--------+--------+--------+-----+--------+
         Total |   5124 |   5077 |     47 |   1882 |   1937 |   4 | 1281.0 |
       Dungeon |   5124 |   5077 |     47 |   1882 |   1937 |   4 | 1281.0 |
               +--------+--------+--------+--------+--------+-----+--------+

Top non-repeatable levels by time:
     D:1: 1739 daAuts
     D:3: 1651 daAuts
     D:2: 1389 daAuts
     D:4: 344 daAuts
